[Event "ICCopen2016"]
[Site "Internet Chess Club"]
[Date "2016.06.03"]
[Round "4"]
[White "Kalmyk"]
[Black "NoPrep"]
[Result "1-0"]
[ICCResult "Black checkmated"]
[WhiteElo "3032"]
[BlackElo "2220"]
[Opening "Sicilian: Canal-Sokolsky (Nimzovich-Rossolimo, Moscow) attack"]
[ECO "B51"]
[NIC "SI.01"]
[Time "19:33:09"]
[TimeControl "180+0"]

1. e4 c5 2. Nf3 d6 3. Bb5+ Nd7 4. d4 cxd4 5. Qxd4 e6 6. O-O Qc7 7. c4 Nf6 8.
Nc3 a6 9. Bxd7+ Bxd7 10. Rd1 Be7 11. Bg5 Rc8 12. e5 dxe5 13. Nxe5 Bc6 14.
Bf4 Qa5 15. a3 Qc5 16. Qd3 O-O 17. b4 Qa7 18. c5 Nd5 19. Nxd5 Bxd5 20. Qg3
Kh8 21. Nd7 Rfd8 22. Nb6 Rc6 23. Rac1 f6 24. Qe3 Bf8 25. Rd3 a5 26. b5 Rcc8
27. Nxc8 Rxc8 28. Bd6 Kg8 29. Bxf8 Kxf8 30. h4 Kf7 31. h5 Qb8 32. Re1 Qc7
33. Rxd5 exd5 34. Qe6+ Kf8 35. h6 Qxc5 36. Qd7 gxh6 37. Qxh7 Rc7 38. Qh8+
Kf7 39. Qh7+ Kf8 40. Qxh6+ Kf7 41. Qh5+ Kg7 42. Qg4+ Kf7 43. Qh5+ Kg7 44.
Re3 d4 45. Rg3+ Kf8 46. Qh8+ Ke7 47. Rg7+ Ke6 48. Qe8+ Kd5 49. Qg8+ Ke4 50.
Qh7+ Kd5 51. Rxc7 Kc4 52. Rxc5+ Kxc5 53. Qxb7 a4 54. Qc6# {Black checkmated}
1-0

[Event "ICCopen2016"]
[Site "Internet Chess Club"]
[Date "2016.06.03"]
[Round "4"]
[White "Tyrel"]
[Black "Nostradamus"]
[Result "0-1"]
[ICCResult "White resigns"]
[WhiteElo "1959"]
[BlackElo "2472"]
[Opening "Queen's pawn: Lundin (Kevitz-Mikenas) defense"]
[ECO "A40"]
[NIC "QO.17"]
[Time "19:33:38"]
[TimeControl "180+0"]

1. d4 Nc6 2. e3 e5 3. c3 Nf6 4. f4 d6 5. Bd3 e4 6. Bc2 d5 7. Ne2 Ne7 8. O-O
c6 9. Nd2 Nf5 10. Nb3 Be7 11. Qe1 O-O 12. Ng3 h5 13. Nxf5 Bxf5 14. Bd1 g6
15. Qg3 Kg7 16. Bd2 Rh8 17. Qe1 h4 18. Be2 b6 19. c4 Qd7 20. Bb4 Bxb4 21.
Qxb4 h3 22. g3 Bg4 23. Bxg4 Nxg4 24. Rae1 Rhc8 25. Re2 f5 26. c5 a5 27. Qc3
a4 28. Nd2 b5 29. a3 Kf7 30. Nb1 Ke6 31. Qd2 Qe7 32. Qb4 g5 33. Nc3 gxf4 34.
Rxf4 Rg8 35. Re1 Raf8 36. Nd1 Nf6 37. Qd2 Nh5 38. Rf2 Nxg3 39. hxg3 Rxg3+
40. Kh1 Rfg8 41. Qe2 Qg5 42. Qf1 Rg2 43. Nc3 Qg3 44. Qxg2 hxg2+ 45. Kg1 Rh8
{White resigns}
0-1

[Event "ICCopen2016"]
[Site "Internet Chess Club"]
[Date "2016.06.03"]
[Round "4"]
[White "chesslin"]
[Black "Entoloma"]
[Result "0-1"]
[ICCResult "White forfeits on time"]
[WhiteElo "1500"]
[BlackElo "2038"]
[Opening "Réti v Dutch"]
[ECO "A96"]
[NIC "QP.11"]
[Time "19:33:09"]
[TimeControl "180+0"]

1. Nf3 f5 2. g3 Nf6 3. Bg2 e6 4. O-O Be7 5. c4 O-O 6. Nc3 d6 7. d4 a5 8. Qc2
Nc6 9. a3 e5 10. d5 Nb8 11. e4 Qe8 12. Nb5 Na6 13. Nd2 f4 14. gxf4 exf4 15.
f3 Nd7 16. Nd4 Ne5 17. b4 axb4 18. N2b3 bxa3 19. Bxa3 b6 20. Rf2 Bd7 21. Ne6
Rf6 22. Nbd4 Rh6 23. Bf1 Nc5 24. Bb2 Rxa1 25. Bxa1 Bxe6 26. dxe6 Nxe6 27.
Nb5 Rg6+ 28. Kh1 Bd8 {White forfeits on time} 0-1

[Event "ICCopen2016"]
[Site "Internet Chess Club"]
[Date "2016.06.03"]
[Round "4"]
[White "DoctorWho"]
[Black "maly"]
[Result "1/2-1/2"]
[ICCResult "Game drawn by repetition"]
[WhiteElo "2034"]
[BlackElo "2480"]
[Opening "Pirc defense"]
[ECO "B07"]
[NIC "PU.08"]
[Time "19:32:58"]
[TimeControl "180+0"]

1. d4 d6 2. e4 Nf6 3. Nc3 e5 4. dxe5 dxe5 5. Qxd8+ Kxd8 6. Bc4 Ke8 7. Nf3
Bd6 8. O-O a6 9. a4 Nbd7 10. h3 h6 11. Re1 Ke7 12. Nd5+ Nxd5 13. Bxd5 c6 14.
Bb3 Nc5 15. Bc4 Be6 16. Bxe6 Nxe6 17. Bd2 Rhd8 18. Bc3 f6 19. Rad1 Bc5 20.
b3 b5 21. Rxd8 Rxd8 22. axb5 cxb5 23. Ra1 Ra8 24. Kf1 Kd7 25. g3 Kc6 26. Ke2
Bb6 27. Rd1 a5 28. Ne1 Bd4 29. Bd2 a4 30. c3 Bc5 31. Ra1 Ra7 32. bxa4 bxa4
33. Nd3 Bd6 34. Be3 Ra8 35. Kd2 Nc5 36. Nb4+ Kb5 37. Bxc5 Bxc5 38. Nd3 Bd6
39. Kc2 g6 40. g4 Rh8 41. Rb1+ Kc6 42. Ra1 a3 43. Nb4+ Bxb4 44. cxb4 h5 45.
Rxa3 hxg4 46. hxg4 Kb5 47. Rf3 Rf8 48. Kc3 Rc8+ 49. Kd3 Rc6 50. g5 fxg5 51.
Rg3 Kxb4 52. Rxg5 Re6 53. Ke3 Kc4 54. f3 Kc5 55. Rg1 Kd6 56. Rd1+ Ke7 57.
Ra1 Kf6 58. Ra8 Rc6 59. Rf8+ Ke7 60. Rh8 Kf7 61. Rh7+ Kf6 62. Rh3 Rc3+ 63.
Kf2 Ra3 64. Kg3 Kg5 65. Rh2 Rb3 66. Rc2 Rd3 67. Rc5 Kf6 68. Rc6+ Kg5 69. Rc5
Kf6 70. Rc6+ Kf7 71. Rc5 Ke6 72. Rc6+ Kf7 73. Rc5 Kf6 74. Rc6+ Kg5 75. Rc5
Kf6 {Game drawn by repetition} 1/2-1/2

[Event "ICCopen2016"]
[Site "Internet Chess Club"]
[Date "2016.06.03"]
[Round "4"]
[White "RonJB"]
[Black "Kannayya"]
[Result "1-0"]
[ICCResult "Black forfeits on time"]
[WhiteElo "1643"]
[BlackElo "1091"]
[Opening "Queen's bishop game"]
[ECO "D02"]
[NIC "QP.08"]
[Time "19:33:19"]
[TimeControl "180+0"]

1. d4 d5 2. Nf3 Nf6 3. Bf4 Bf5 4. e3 c5 5. Bd3 e6 6. c3 Be7 7. O-O O-O 8.
Ne5 Nc6 9. h3 Nxe5 10. Bxe5 h6 11. Bxf5 exf5 12. Qc2 Nd7 13. Bh2 Nf6 14. Nd2
cxd4 15. exd4 Qb6 16. Rab1 Rac8 17. Qxf5 Rfe8 18. Nf3 Bf8 19. Ne5 g6 20. Qd3
Bg7 21. Kh1 Ne4 22. Ng4 Nf6 23. Nxf6+ Bxf6 24. f4 Bg7 25. f5 gxf5 26. Qxf5
Qg6 27. Qxd5 Qb6 28. Rxf7 Re6 29. Rbf1 Rd8 30. Qxb7 Qxb7 31. Rxb7 Rde8 32.
Rxa7 Re2 33. b4 Rc2 34. Rxg7+ Kxg7 35. Be5+ Kg8 36. Rf3 Rc1+ 37. Kh2 Ra8 38.
d5 {Black forfeits on time} 1-0

[Event "ICCopen2016"]
[Site "Internet Chess Club"]
[Date "2016.06.03"]
[Round "4"]
[White "ShadowLike"]
[Black "TrendFriend"]
[Result "0-1"]
[ICCResult "White forfeits on time"]
[WhiteElo "1971"]
[BlackElo "2452"]
[Opening "Sicilian: Smith-Morra gambit"]
[ECO "B21"]
[NIC "SI.48"]
[Time "19:33:30"]
[TimeControl "180+0"]

1. e4 c5 2. d4 cxd4 3. c3 d5 4. Qxd4 Nf6 5. e5 Nc6 6. Bb5 Ng8 7. Nf3 Bf5 8.
Bg5 h6 9. Bh4 Qd7 10. Qa4 e6 11. Nd4 Rc8 12. Nxf5 exf5 13. O-O Nge7 14. Nd2
Ng6 15. Nf3 Nxh4 16. Nxh4 Be7 17. Rad1 O-O 18. Qc2 g6 19. Nf3 a6 20. Ba4 Bc5
21. Rfe1 Rfe8 22. Bb3 Ne7 23. e6 fxe6 24. Ne5 Qd6 25. Rd3 Kg7 26. Rg3 Rf8
27. h4 Rf6 28. h5 g5 29. Kh2 Nc6 30. f4 g4 31. Rd3 Rff8 32. g3 Nxe5 33. fxe5
Qe7 34. Qd2 Qg5 35. Kg2 Qxd2+ 36. Rxd2 b5 37. c4 bxc4 38. Bc2 Rb8 39. b3 Bb4
40. Rde2 Bxe1 41. Rxe1 Rbc8 42. bxc4 Rxc4 43. Bb3 Rc3 44. Re2 Rfc8 45. Rd2
a5 46. Kf2 a4 {White forfeits on time} 0-1

[Event "ICCopen2016"]
[Site "Internet Chess Club"]
[Date "2016.06.03"]
[Round "4"]
[White "Bozhenka"]
[Black "Peretyatko"]
[Result "1-0"]
[ICCResult "Black forfeits on time"]
[WhiteElo "3046"]
[BlackElo "2778"]
[Opening "Queen's Pawn"]
[ECO "A41"]
[NIC "QO.17"]
[Time "19:32:42"]
[TimeControl "180+0"]

1. d4 d6 2. Nf3 Nf6 3. c4 g6 4. Nc3 Bf5 5. d5 e5 6. dxe6 Bxe6 7. Nd4 Bd7 8.
g3 Nc6 9. Bg2 Bg7 10. O-O O-O 11. Nc2 Ne5 12. b3 Bc6 13. e4 a5 14. h3 Re8
15. Re1 a4 16. Rb1 axb3 17. axb3 Ned7 18. Nd4 Nc5 19. Nxc6 bxc6 20. b4 Ncd7
21. Be3 Rb8 22. Ba7 Rb7 23. Bd4 Rb8 24. b5 c5 25. Be3 Nb6 26. Qd3 Nfd7 27.
f4 Ra8 28. Ra1 Rxa1 29. Rxa1 Qf6 30. Ra3 Rc8 31. Kh2 Qd8 32. Nd5 Nxd5 33.
Qxd5 Nb6 34. Qd3 Ra8 35. Rxa8 Qxa8 36. e5 Qf8 37. exd6 Qxd6 38. Qe4 Bd4 39.
Bc1 Nxc4 40. h4 Kg7 41. h5 Nb6 42. f5 gxf5 43. Qxf5 Qe7 44. h6+ Kg8 45. Bf4
f6 46. Be4 Be5 47. Bxe5 fxe5 48. Qg4+ Kf8 49. Qf5+ Kg8 50. Qg4+ Kf8 51. Qf5+
Kg8 52. Kg2 c4 53. g4 c3 54. Bc2 Qf7 55. Qg5+ Kf8 56. Qd8+ Qe8 57. Qf6+ Qf7
58. Qh8+ Ke7 59. Qxe5+ Kf8 60. Qh8+ Ke7 61. Qe5+ Kf8 62. Qc5+ Qe7 63. Qxe7+
Kxe7 64. Bxh7 Nd5 65. Be4 Nf6 66. h7 Nxh7 67. Bxh7 Kf6 68. Bc2 Kg5 69. Kg3
Kf6 70. Kf4 Ke6 71. Ke4 Kd6 72. Kd4 c6 73. bxc6 Kxc6 74. Kxc3 Kd6 75. Kd3
Ke6 76. Ke3 Kf6 77. Kf4 Kg7 78. g5 Kf7 79. Kf5 Kg7 80. Bb3 Kf8 81. g6 Kg7
82. Kg5 Kh8 83. Bc2 Kg7 84. Kh5 Kh8 85. Kh6 Kg8 86. g7 Kf7 87. Kh7 Kf6 88.
g8=Q Ke5 89. Qg6 Kd4 90. Qh5 Kc3 91. Qh4 Kb2 92. Qg3 Ka1 93. Qf3 Kb2 94. Qf4
Ka1 95. Qe5+ {Black forfeits on time} 1-0

[Event "ICCopen2016"]
[Site "Internet Chess Club"]
[Date "2016.06.03"]
[Round "4"]
[White "Schack"]
[Black "padmanandhini"]
[Result "1-0"]
[ICCResult "Black checkmated"]
[WhiteElo "1669"]
[BlackElo "1470"]
[Opening "QGA: 3.Nf3"]
[ECO "D21"]
[NIC "QG.05"]
[Time "19:33:48"]
[TimeControl "180+0"]

1. d4 d5 2. c4 dxc4 3. Nf3 Nc6 4. e3 Nf6 5. Bxc4 Bf5 6. Nc3 e6 7. O-O Bb4 8.
a3 Bxc3 9. bxc3 O-O 10. Nh4 Bg6 11. Nxg6 hxg6 12. Bd3 Qd5 13. c4 Qh5 14. Be2
Qh7 15. Bf3 Rae8 16. Rb1 b6 17. Bxc6 Rd8 18. Bf3 g5 19. g3 Qxb1 20. e4 b5
21. e5 Nd7 22. cxb5 Qxb5 23. Bxg5 Rb8 24. Be7 Rfe8 25. Bb4 a5 26. Be2 Qb7
27. Bd2 Re7 28. Bf3 Qc8 29. Qe2 Nb6 30. Bxa5 Ra8 31. Bb4 Nd5 32. Bxe7 Nxe7
33. Bxa8 Qxa8 34. Qd3 Ng6 35. h4 Qa7 36. Rc1 Kh8 37. h5 Nf8 38. Qc3 c6 39.
Qxc6 Kh7 40. Qc5 Nd7 41. Qxa7 Nf8 42. Qxf7 Nd7 43. Qxd7 Kg8 44. Qxe6+ Kh7
45. d5 Kh8 46. Rc8+ Kh7 47. Qg6# {Black checkmated} 1-0

[Event "ICCopen2016"]
[Site "Internet Chess Club"]
[Date "2016.06.03"]
[Round "4"]
[White "mikeyb"]
[Black "alphajet26"]
[Result "1-0"]
[ICCResult "Black resigns"]
[WhiteElo "2150"]
[BlackElo "1622"]
[Opening "Réti opening"]
[ECO "A04"]
[NIC "QP.11"]
[Time "19:34:06"]
[TimeControl "180+0"]

1. Nf3 e6 2. b3 d5 3. Bb2 Nf6 4. e3 Be7 5. Be2 c5 6. O-O Nc6 7. d4 O-O 8.
Nbd2 b6 9. c4 Bb7 10. Rc1 Rc8 11. Re1 h6 12. Bd3 Bd6 13. Bb1 Re8 14. Ne5 Qc7
15. f4 cxd4 16. exd4 Bb4 17. a3 Bxd2 18. Qxd2 Qb8 19. Qd3 Ne4 20. Qh3 f6 21.
Ng4 Qxf4 22. Bxe4 dxe4 23. Rf1 Qg5 24. Rce1 f5 25. Ne3 Rcd8 26. d5 exd5 27.
Rxf5 Qg6 28. Nxd5 Re6 29. Ref1 Rde8 30. Nc7 e3 31. Nxe8 Rxe8 32. Qg3 Qxg3
33. hxg3 Kh7 34. Rf7 e2 35. Rxg7+ Kh8 36. Re7+ Kg8 37. Rxe8+ Kh7 38. Rxe2
{Black resigns}
1-0

[Event "ICCopen2016"]
[Site "Internet Chess Club"]
[Date "2016.06.03"]
[Round "4"]
[White "franco"]
[Black "edwspin"]
[Result "0-1"]
[ICCResult "White forfeits on time"]
[WhiteElo "1127"]
[BlackElo "1599"]
[Opening "French: Steinitz attack"]
[ECO "C00"]
[NIC "FR.01"]
[Time "19:32:59"]
[TimeControl "180+0"]

1. e4 e6 2. e5 Ne7 3. Nf3 d6 4. exd6 cxd6 5. d4 Nd7 6. Bb5 a6 7. Bd3 b6 8.
c4 Bb7 9. Qe2 g6 10. Be4 d5 11. cxd5 Bg7 12. dxe6 Bxe4 13. exf7+ Kxf7 14.
Qxe4 Rf8 15. O-O Kg8 16. Bg5 Nf6 17. Qe5 Nc6 18. Qg3 Nxd4 19. Nxd4 Qxd4 20.
Nc3 Nh5 21. Qc7 h6 22. Be3 Qg4 23. h3 Qf5 24. Rae1 Rac8 25. Qxb6 Nf6 26. Bd4
Nd7 27. Qa7 Bxd4 28. Qxd4 Nf6 29. Qe5 Qxe5 30. Rxe5 Kg7 31. Rfe1 Rc7 32.
Re7+ Rxe7 33. Rxe7+ Rf7 34. Rxf7+ Kxf7 35. Kf1 Nd7 36. Ke2 Nc5 37. Ke3 Ke6
38. a3 a5 39. b4 axb4 40. axb4 Nb3 41. Kd3 Kd6 42. Kc4 Nc1 43. b5 Kc7 44.
Kc5 g5 45. Nd5+ Kb7 46. Nb4 Nb3+ 47. Kc4 Na5+ 48. Kc5 h5 49. Nc6 Nb3+ 50.
Kb4 Nd2 51. Kc5 Ne4+ 52. Kd5 Nxf2 53. Ke5 Nd3+ 54. Kf5 Kb6 55. Kxg5 Ne1
{White forfeits on time}
0-1

[Event "ICCopen2016"]
[Site "Internet Chess Club"]
[Date "2016.06.03"]
[Round "4"]
[White "TitaniumNinja01"]
[Black "josper05"]
[Result "0-1"]
[ICCResult "White forfeits on time"]
[WhiteElo "1268"]
[BlackElo "1459"]
[Opening "Sicilian defense"]
[ECO "B20"]
[NIC "SI.48"]
[Time "19:33:41"]
[TimeControl "180+0"]

1. e4 c5 2. d3 Nc6 3. f4 e6 4. Nf3 d5 5. Nc3 d4 6. Ne2 Nf6 7. g3 Be7 8. Bg2
O-O 9. e5 Nd5 10. Bd2 f6 11. Rf1 fxe5 12. Nxe5 Nxe5 13. fxe5 Rxf1+ 14. Bxf1
Bg5 15. Nf4 Qc7 16. Qe2 Nxf4 17. Bxf4 Bxf4 18. gxf4 Bd7 19. Bg2 Rf8 20. Qg4
Qa5+ 21. Ke2 Qb4 22. Rg1 Qxb2 23. Be4 Qxc2+ 24. Kf3 Rf7 25. h4 Qd2 26. h5
Qe3+ 27. Kg2 Rxf4 28. Qg3 Qe2+ 29. Kh3 Qxh5+ 30. Kg2 Qe2+ 31. Kh3 Rf7 32.
Bxh7+ Kxh7 33. Qg6+ Kg8 34. Qg5 Qf3+ 35. Kh4 Qf2+ 36. Kh5 Qh2+ 37. Kg4 Qxg1+
38. Kh5 Qh2+ 39. Kg6 Qh6+ 40. Qxh6 gxh6 41. Kxh6 Rf3 42. Kg6 Rxd3 43. Kh6
Rd2 44. Kg6 Rxa2 45. Kh6 d3 46. Kg6 d2 {White forfeits on time} 0-1

[Event "ICCopen2016"]
[Site "Internet Chess Club"]
[Date "2016.06.03"]
[Round "4"]
[White "Discoverchess"]
[Black "D-Fernandez"]
[Result "0-1"]
[ICCResult "White checkmated"]
[WhiteElo "2526"]
[BlackElo "3038"]
[Opening "English: symmetrical variation"]
[ECO "A30"]
[NIC "EO.36"]
[Time "19:33:39"]
[TimeControl "180+0"]

1. c4 c5 2. g3 Nf6 3. Bg2 Nc6 4. Nf3 d5 5. cxd5 Nxd5 6. Nc3 Nc7 7. d3 e5 8.
Nd2 Be7 9. Nc4 f6 10. O-O O-O 11. Bxc6 bxc6 12. Qa4 Bd7 13. Ne4 Nd5 14. Bd2
Nb6 15. Qc2 Bf5 16. Na5 Qd5 17. Nc3 Qe6 18. Be3 Bh3 19. Rfc1 f5 20. Na4 f4
21. Bxc5 fxg3 22. hxg3 Kh8 23. Bxe7 Qxe7 24. Nxc6 Qf6 25. f3 Rac8 26. Nxb6
axb6 27. b4 Qg5 28. Kh2 Bd7 29. b5 Rf6 30. Rh1 Bxc6 31. bxc6 Rfxc6 32. Qb3
Rc2 33. Rae1 Qe3 34. Rhg1 Rxe2+ 35. Rxe2 Qxe2+ 36. Rg2 Qxf3 37. Qxb6 Qh5+
38. Kg1 Rc1+ 39. Kf2 Qf7+ 40. Ke3 h6 41. Rf2 Qh5 42. Qb4 Qg5+ 43. Kf3 Rg1
44. Qf8+ Kh7 45. Ke4 Qg4+ 46. Kd5 Qd7+ 47. Ke4 Qd4+ 48. Kf3 Qxd3+ 49. Kg4
Rxg3+ 50. Kh4 g5+ 51. Kh5 Qg6# {White checkmated} 0-1

[Event "ICCopen2016"]
[Site "Internet Chess Club"]
[Date "2016.06.03"]
[Round "4"]
[White "B-Amin"]
[Black "SCORPION83"]
[Result "0-1"]
[ICCResult "White checkmated"]
[WhiteElo "2850"]
[BlackElo "3042"]
[Opening "French: King's Indian attack"]
[ECO "C00"]
[NIC "FR.02"]
[Time "19:32:40"]
[TimeControl "180+0"]

1. e4 e6 2. d3 d5 3. Nd2 c5 4. g3 Nc6 5. Bg2 Nf6 6. Ngf3 Be7 7. O-O b6 8.
Re1 Bb7 9. c3 Qc7 10. a3 dxe4 11. dxe4 Rd8 12. e5 Nd7 13. Qe2 a6 14. a4 h6
15. h4 Na5 16. Rb1 c4 17. Ne4 Nc5 18. Nxc5 Bxc5 19. Bf4 O-O 20. Rbd1 Rxd1
21. Rxd1 Rd8 22. Rxd8+ Qxd8 23. Nd2 Bxg2 24. Kxg2 Qd7 25. Ne4 Qxa4 26. Qd2
Be7 27. Bxh6 Qc6 28. f3 Qd5 29. Bg5 Qxd2+ 30. Nxd2 Bxg5 31. hxg5 b5 32. f4
g6 33. Kf3 Nb7 34. Ne4 Kf8 35. Ke3 Ke7 36. Kd4 Kd7 37. g4 Kc6 38. Ng3 Nc5
39. f5 Nd3 40. fxg6 fxg6 41. Ne2 a5 42. b3 Nb2 43. bxc4 bxc4 44. Nf4 a4 45.
Nxg6 a3 46. Ne7+ Kd7 47. Ng8 a2 48. g6 a1=Q 49. Nf6+ Kc6 50. g7 Qd1+ 51. Ke4
Qe2+ 52. Kf4 Nd3+ 53. Kg5 Qxe5+ 54. Kg6 Nf4+ 55. Kf7 Qc7+ 56. Kf8 Ng6+ 57.
Kg8 Ne7+ 58. Kf8 Qd8+ 59. Kf7 e5 60. g5 e4 61. Nxe4 Qd5+ 62. Kxe7 Qxe4+ 63.
Kf7 Qf5+ 64. Ke8 Qe6+ 65. Kf8 Qf5+ 66. Ke8 Qg6+ 67. Kf8 Qxg5 68. Ke8 Qxg7
69. Kd8 Qd7# {White checkmated} 0-1

[Event "ICCopen2016"]
[Site "Internet Chess Club"]
[Date "2016.06.03"]
[Round "4"]
[White "fishmaster"]
[Black "mathman"]
[Result "1-0"]
[ICCResult "Black forfeits on time"]
[WhiteElo "1681"]
[BlackElo "2351"]
[Opening "Sicilian"]
[ECO "B50"]
[NIC "SI.01"]
[Time "19:33:49"]
[TimeControl "180+0"]

1. e4 c5 2. Nf3 d6 3. c3 Nf6 4. h3 g6 5. Bd3 Bg7 6. Bc2 O-O 7. O-O e5 8. d4
Qc7 9. d5 c4 10. Nbd2 Bd7 11. Re1 Na6 12. Nf1 Nc5 13. Ng3 b5 14. b4 cxb3 15.
axb3 a5 16. Bb2 b4 17. cxb4 axb4 18. Nd2 Bb5 19. Ngf1 Bh6 20. Ne3 Bxe3 21.
Rxe3 Nh5 22. g3 Ra7 23. Kh2 Rfa8 24. Rxa7 Rxa7 25. Qc1 Ra8 26. Ba1 Nd3 27.
Qb1 Nxf2 28. Rf3 Qc5 29. Kg2 Nxh3 30. Kxh3 Bd7+ 31. Kg2 Rxa1 32. Qxa1 Qxc2
33. Qe1 Bb5 34. Rf2 Qc7 35. Nf3 h6 36. Qd2 Kg7 37. Qc2 Qe7 38. Qc1 Bd7 39.
Rc2 Bg4 40. Rc7 Bxf3+ 41. Kxf3 Qf6+ 42. Kg2 Qg5 43. Qf1 Qe3 44. Qf2 Qxe4+
45. Qf3 Qe1 46. Qf2 Qe4+ 47. Qf3 Qe1 48. Qxf7+ {Black forfeits on time} 1-0

[Event "ICCopen2016"]
[Site "Internet Chess Club"]
[Date "2016.06.03"]
[Round "4"]
[White "x22"]
[Black "livis"]
[Result "0-1"]
[ICCResult "White forfeits on time"]
[WhiteElo "2409"]
[BlackElo "2005"]
[Opening "French: King's Indian attack"]
[ECO "C00"]
[NIC "FR.02"]
[Time "19:33:28"]
[TimeControl "180+0"]

1. e4 e6 2. d3 d5 3. Nd2 c5 4. Ngf3 d4 5. g3 Nc6 6. Bg2 e5 7. O-O Bg4 8. h3
Bh5 9. c3 Nf6 10. cxd4 Nxd4 11. g4 Nxf3+ 12. Nxf3 Bg6 13. Nxe5 Bd6 14. Qa4+
Nd7 15. Nxg6 hxg6 16. d4 cxd4 17. Qxd4 Be5 18. Qd5 Qe7 19. f4 Bc7 20. Qxb7
Bb6+ 21. Kh1 Rb8 22. Qc6 O-O 23. e5 Rfc8 24. Qd6 Qe8 25. b3 Nf8 26. Ba3 Rc2
27. Qxf8+ Qxf8 28. Bxf8 Kxf8 29. Rfc1 Rf2 30. Rc4 Rd8 31. Rf1 Rxa2 32. e6
fxe6 33. f5 gxf5 34. gxf5 e5 35. f6 gxf6 36. Rxf6+ Ke7 37. Rf5 Rd1+ 38. Kh2
Rdd2 39. Rxe5+ Kf6 40. Kg3 Rxg2+ 41. Kf4 Raf2+ 42. Ke4 Re2+ 43. Kf3 Kxe5 44.
Rh4 Rgf2+ 45. Kg4 Rf4+ 46. Kg3 Rxh4 47. Kxh4 Kf4 48. Kh5 Re3 49. h4 Rxb3 50.
Kg6 Bd4 51. h5 a5 52. Kh7 a4 53. h6 a3 54. Kg8 a2 55. h7 Rb8+ 56. Kf7 a1=Q
57. Kg6 Bh8 58. Kh5 Qh1+ {White forfeits on time} 0-1

[Event "ICCopen2016"]
[Site "Internet Chess Club"]
[Date "2016.06.03"]
[Round "4"]
[White "BitsofKoin"]
[Black "Chaos23"]
[Result "1/2-1/2"]
[ICCResult "Game drawn by repetition"]
[WhiteElo "2318"]
[BlackElo "1991"]
[Opening "Colle system"]
[ECO "A40"]
[NIC "QO.17"]
[Time "19:33:31"]
[TimeControl "180+0"]

1. d4 e6 2. Nf3 c5 3. e3 d5 4. c3 Nf6 5. Bd3 Nc6 6. Nbd2 Bd6 7. O-O O-O 8.
Re1 Qc7 9. b3 e5 10. dxe5 Nxe5 11. Nxe5 Bxe5 12. Bb2 Bxh2+ 13. Kh1 Bg4 14.
f3 Be6 15. f4 Bg3 16. Rf1 h5 17. c4 Bg4 18. Qc2 Qc6 19. cxd5 Nxd5 20. Be4
Rae8 21. Nc4 f5 22. Bxd5+ Qxd5 23. Ne5 Re6 24. Qc3 h4 25. Nxg4 Rf7 26. Ne5
h3 27. Rf3 hxg2+ 28. Kxg2 Bh4 29. Nxf7 Rg6+ 30. Ng5 Bxg5 31. fxg5 Rxg5+ 32.
Kf2 Qc6 33. Qc4+ Kh7 34. Rh1+ Kg6 35. Qg8 Qd7 36. Qh7+ Kf7 37. Ke1 Qd3 38.
Bxg7 Qb1+ 39. Ke2 Qc2+ 40. Ke1 Qc1+ 41. Kf2 Qd2+ 42. Kf1 Qd1+ 43. Kf2 Qd2+
44. Kf1 Qd1+ 45. Kf2 Qd2+ 46. Kf1 Qd1+ 47. Kf2 {Game drawn by repetition}
1/2-1/2

[Event "ICCopen2016"]
[Site "Internet Chess Club"]
[Date "2016.06.03"]
[Round "4"]
[White "leonardoalmeida"]
[Black "huntos"]
[Result "1-0"]
[ICCResult "Black checkmated"]
[WhiteElo "1863"]
[BlackElo "1585"]
[Opening "English: Caro-Kann defensive system"]
[ECO "A11"]
[NIC "EO.64"]
[Time "19:33:41"]
[TimeControl "180+0"]

1. c4 c6 2. Nc3 d5 3. cxd5 cxd5 4. d4 Nf6 5. Bg5 e6 6. e3 Be7 7. Bd3 O-O 8.
Nf3 Nbd7 9. O-O Re8 10. a3 Nf8 11. b4 Ng6 12. Rc1 Bd7 13. Bb5 Bxb5 14. Nxb5
Bd6 15. Bxf6 gxf6 16. Nxd6 Qxd6 17. Qa4 a6 18. Rc2 Rec8 19. Rfc1 Qd8 20. h3
Kf8 21. b5 axb5 22. Qxb5 Rxc2 23. Rxc2 Rxa3 24. Qb4+ Qe7 25. Rc8+ Kg7 26.
Qxe7 Nxe7 27. Rc7 Nf5 28. Rxb7 h5 29. g4 hxg4 30. hxg4 Nd6 31. Rd7 Ne4 32.
g5 fxg5 33. Ne5 Ra1+ 34. Kg2 Ra6 35. Rxf7+ Kh6 36. f3 Ra2+ 37. Kh3 Nf2+ 38.
Kg3 Nh1+ 39. Kg4 Nf2+ 40. Kg3 Nh1+ 41. Kh3 Nf2+ 42. Kg2 Ng4+ 43. Kg3 Nxe5
44. dxe5 Re2 45. Rf6+ Kg7 46. Rxe6 Rxe3 47. Kg4 d4 48. Kxg5 d3 49. f4 d2 50.
Rd6 Re2 51. Kf5 Rg2 52. Rd7+ Kf8 53. Kf6 Ke8 54. e6 Rf2 55. f5 Rf4 56. Rxd2
Kf8 57. Rd8# {Black checkmated} 1-0

[Event "ICCopen2016"]
[Site "Internet Chess Club"]
[Date "2016.06.03"]
[Round "4"]
[White "ebochess"]
[Black "Taechess"]
[Result "0-1"]
[ICCResult "White forfeits on time"]
[WhiteElo "1407"]
[BlackElo "1325"]
[Opening "Queen's pawn: Torre attack"]
[ECO "A40"]
[NIC "QP.04"]
[Time "19:33:37"]
[TimeControl "180+0"]

1. d4 e6 2. Nf3 Nf6 3. Bg5 c5 4. e3 d5 5. c3 Nbd7 6. Bd3 Be7 7. O-O O-O 8.
Re1 b6 9. Qe2 Bb7 10. Nbd2 Qc7 11. Rad1 h6 12. Bh4 Rfe8 13. a4 Rac8 14. Bb5
a6 15. Bxd7 Qxd7 16. Ne5 Qc7 17. Bg3 Bd6 18. f4 Ne4 19. Nxe4 dxe4 20. Qh5
cxd4 21. cxd4 Bxe5 22. fxe5 Qc2 23. Qe2 Qxa4 24. Rc1 Rxc1 25. Rxc1 Rc8 26.
Rxc8+ Bxc8 27. Be1 Bd7 28. Bc3 Bb5 29. Qd2 Qa1+ 30. Kf2 Qf1+ 31. Kg3 g5 32.
h3 h5 33. Qe1 h4+ 34. Kh2 a5 35. Qxf1 Bxf1 36. Kg1 Bd3 37. Kf2 Kg7 38. Ke1
f5 39. Kd2 f4 40. b3 f3 41. Ke1 fxg2 42. Kf2 Kg6 43. Kxg2 Kf5 44. Kf2 g4 45.
hxg4+ Kxg4 46. Kg2 h3+ 47. Kh2 Bc2 48. b4 axb4 49. Bxb4 b5 50. Bc5 Bd3 51.
Be7 Bf1 {White forfeits on time} 0-1

[Event "ICCopen2016"]
[Site "Internet Chess Club"]
[Date "2016.06.03"]
[Round "4"]
[White "stoptryharding"]
[Black "ARMCOMPOSER"]
[Result "1-0"]
[ICCResult "Black checkmated"]
[WhiteElo "2290"]
[BlackElo "3075"]
[Opening "Giuoco Piano"]
[ECO "C50"]
[NIC "IG.02"]
[Time "19:33:50"]
[TimeControl "180+0"]

1. e4 e5 2. Nf3 Nc6 3. Bc4 Bc5 4. O-O Nf6 5. d3 d6 6. c3 h6 7. a4 a5 8. Na3
O-O 9. Nc2 Be6 10. Bxe6 fxe6 11. Qe2 Qe8 12. Be3 Bxe3 13. Nxe3 Nh5 14. g3
Qg6 15. Kh1 Nf6 16. Nh4 Qf7 17. f4 exf4 18. gxf4 Qh5 19. Qxh5 Nxh5 20. f5
exf5 21. Nhxf5 Rae8 22. Nd5 Rf7 23. Rf2 Ne5 24. Raf1 c6 25. Nde3 Ref8 26. d4
Nd7 27. Nc4 d5 28. Ncd6 Rf6 29. e5 Re6 30. Nxb7 Kh7 31. Nxa5 Ra8 32. b4 Nb6
33. Ra2 Rf8 34. Nb7 Re7 35. Nbd6 g6 36. a5 Na8 37. Nxe7 Rxf1+ 38. Kg2 Rc1
39. Rf2 g5 40. Rf7+ Kh8 41. Ng6+ Kg8 42. Ra7 Rxc3 43. Nf5 Nf4+ 44. Nxf4 gxf4
45. e6 Rc1 46. Rxa8+ Kh7 47. e7 Rc2+ 48. Kf3 Rc3+ 49. Kxf4 Rc1 50. e8=Q Rf1+
51. Ke5 Re1+ 52. Kf6 Rxe8 53. Rxe8 h5 54. h4 c5 55. Re7+ Kg8 56. bxc5 Kh8
57. a6 Kg8 58. a7 Kh8 59. a8=Q# {Black checkmated} 1-0

[Event "ICCopen2016"]
[Site "Internet Chess Club"]
[Date "2016.06.03"]
[Round "4"]
[White "Creedence"]
[Black "saya"]
[Result "1-0"]
[ICCResult "Black checkmated"]
[WhiteElo "3139"]
[BlackElo "2864"]
[Opening "QGD: 4.Nf3"]
[ECO "D37"]
[NIC "QP.09"]
[Time "19:33:41"]
[TimeControl "180+0"]

1. Nf3 d5 2. d4 Nf6 3. c4 e6 4. Nc3 Nbd7 5. Bf4 dxc4 6. e3 b5 7. Nxb5 Bb4+
8. Nd2 Nd5 9. Bg3 N7b6 10. Rc1 Ba6 11. Nc3 O-O 12. Be2 c5 13. dxc5 Bxc5 14.
O-O Rc8 15. Nce4 Be7 16. Nc3 Nxc3 17. bxc3 Bb5 18. Ne4 Ba4 19. Qd4 Qd5 20.
Bf3 Qa5 21. Nd6 Rcd8 22. Nb7 Rxd4 23. Nxa5 Rd2 24. Nc6 Bf6 25. a3 Bc2 26.
Nd4 Ba4 27. h3 Rd8 28. Nc6 Bxc6 29. Bxc6 R8d3 30. Bb8 a6 31. Ba7 Nd5 32.
Bxd5 exd5 33. Bd4 Bxd4 34. exd4 Ra2 35. Rfe1 g6 36. Re5 Rdd2 37. Rf1 Rxa3
38. Rxd5 Rxc3 39. Rd7 Rcd3 40. Rc7 c3 41. Rc1 Rd1+ 42. Rxd1 Rxd1+ 43. Kh2
Rxd4 44. Rxc3 a5 45. Rc5 a4 46. Ra5 Rb4 47. g4 Kg7 48. Kg3 Kf6 49. f3 h6 50.
h4 Kg7 51. Ra7 Rc4 52. Ra5 Kf6 53. h5 gxh5 54. Rxh5 Kg6 55. Ra5 f6 56. Ra6
Kg5 57. Ra8 Rb4 58. Rg8# {Black checkmated} 1-0